 Dungeon Crawl Stone Soup version 0.29-a0-341-g24ffce5b50 (webtiles) character file.

Game seed: 5872797888655648570

11 spaghetti the Skirmisher (level 2, 4/24 HPs)
             Began as a Mummy Berserker on Apr 20, 2022.
             Was a Follower of Trog.
             Quit the game on level 1 of the Dungeon.
             The game lasted 00:01:01 (409 turns).

spaghetti the Skirmisher (Mummy Berserker)           Turns: 409, Time: 00:01:02

Health: 4/24       AC: 10    Str: 20    XL:     2   Next: 13%
Magic:  2/2        EV:  6    Int:  6    God:    Trog [*.....]
Gold:   0          SH:  0    Dex: 11    Spells: 1/1 levels left

rFire   . . .      SeeInvis .   e - +0 dagger (venom) {short}
rCold   . . .      Faith    .   (no shield)
rNeg    + + +      Spirit   .   c - +0 plate armour
rPois   ∞          Reflect  .   (no helmet)
rElec   .          Harm     .   (no cloak)
rCorr   .          Rampage  .   (no gloves)
Will    .....                   (no boots)
Stlth   ..........              (no amulet)
HPRegen 0.08/turn               f - ring of fire
MPRegen 0.08/turn               (no ring)

@: no status effects
A: cold resistance 1, negative energy resistance 3, torment resistance 2, heat
vulnerability 1, no potions
a: Renounce Religion


You were on level 1 of the Dungeon.
You worshipped Trog.
Trog was aware of your devotion.
You visited 1 branch of the dungeon, and saw 1 of its levels.


Innate Abilities, Weirdness & Mutations

You are immune to poison.
Your flesh is cold resistant. (rC+)
You are immune to negative energy. (rN+++)
You are immune to unholy pain and torment.
You are vulnerable to heat. (rF-)
You do not drink.


   Skills:
 + Level 3.2 Fighting
 - Level 2.4 Maces & Flails
 + Level 0.6 Throwing
 + Level 1.9 Armour
 - Level 1.5 Dodging


You had one spell level left.
You didn't know any spells.
Your spell library contained the following spells:

 Spells                   Type           Power      Damage    Failure   Level
 Conjure Flame            Conj/Fire      0%         6-21      100%        3
 Ignite Poison            Fire/Tmut/Pois 0%         N/A       100%        3
 Sticky Flame             Conj/Fire      0%         2d3       100%        4

Inventory:

Hand Weapons
 a - a +0 mace {mace}
 e - a +0 dagger of venom (weapon) {short}
   (You took it off a kobold on level 1 of the Dungeon)
Missiles
 d - 21 stones (quivered) {throwing}
Armour
 b - a +0 animal skin
 c - a +0 plate armour (worn)
   (You found it on level 1 of the Dungeon)
Jewellery
 f - a ring of fire (left hand)
   (You found it on level 1 of the Dungeon)

Dungeon Overview and Level Annotations

Branches:
Dungeon (1/15)

Altars:

#. ##!..##### #
#.####..## ######
#.......######.....
####...........####
#.........#### #
#.##.##....... ##
#.#..####....#.###.
##....†.............
##..@>...............
#...g...≈≈≈≈≈≈≈≈≈≈≈≈≈
#...##$...≈≈≈≈≈≈≈≈≈≈≈≈≈
#.#. #...†≈≈≈≈≈≈≈≈≈≈≈≈≈
#. .
#.....≈≈≈#+#+#≈≈≈≈≈ .
#.....≈≈≈+ ##+###
#.....≈≈≈+ +.....
#......≈≈≈#+###.####
#..#.....≈≈≈≈#...#...


You could see a hobgoblin (very poisoned).


Message History

You miss the quokka.
The quokka bites you but does no damage.
The frilled lizard bites you but does no damage.
You hit the frilled lizard. The quokka closely misses you.
The frilled lizard completely misses you. 😕 HP[+1]
You completely miss the frilled lizard.
The quokka bites you but does no damage.
The frilled lizard closely misses you.
The quokka bites you but does no damage.
You completely miss the hobgoblin.
You kill the quokka!
Trog accepts your kill. The hobgoblin completely misses you.
The frilled lizard bites you but does no damage.
You have reached level 2! 😕 HP[+5] MP[+1]
You now have 24 max hp (+6).
You regained 5 hp, and now have 22/24 hp.
Your mp is fully restored (2).
You hit the hobgoblin.
The hobgoblin is poisoned.
You kill the hobgoblin!
Trog accepts your kill.
The frilled lizard bites you but does no damage.
You hit the frilled lizard but do no damage.
The frilled lizard is poisoned.
You kill the frilled lizard!
Trog accepts your kill.
You see here a frilled lizard corpse. 😕 HP[+1]
A rat is nearby!
A rat is nearby!
A rat is nearby!
A rat is nearby!
A rat is nearby!
You closely miss the rat. The rat bites you. 😕 HP[-3]
You take 3 damage, and now have 20/24 hp.
You are too injured to fight recklessly!
You are too injured to fight recklessly!
You are too injured to fight recklessly!
You are too injured to fight recklessly!
You are too injured to fight recklessly!
You are too injured to fight recklessly!
You are too injured to fight recklessly!
You are too injured to fight recklessly!
You are too injured to fight recklessly!
You are too injured to fight recklessly!
You are too injured to fight recklessly!
You are too injured to fight recklessly!
You are too injured to fight recklessly!
A rat is nearby!
You hit the rat but do no damage.
The rat is poisoned.
You kill the rat!
Trog accepts your kill.
You see here a rat corpse.
A hobgoblin comes into view.
It is wielding a +2 hand axe of draining. 😕 HP[+3]
You regained 3 hp, and now have 23/24 hp.
A hobgoblin is nearby!
A hobgoblin is nearby!
A hobgoblin is nearby!
A hobgoblin is nearby!
The hobgoblin shouts!
The hobgoblin hits you with a +2 hand axe of draining. 😕 HP[-3]
You take 3 damage, and now have 20/24 hp.
You barely miss the hobgoblin.
The hobgoblin hits you with a +2 hand axe of draining. 😮 HP[-3]
You take 3 damage, and now have 17/24 hp.
You hit the hobgoblin.
The hobgoblin hits you but does no damage. 😮 HP[+1]
You barely miss the hobgoblin.
The hobgoblin hits you with a +2 hand axe of draining. 😮 HP[-2]
You take 2 damage, and now have 16/24 hp.
You barely miss the hobgoblin.
The hobgoblin hits you with a +2 hand axe of draining. 😮 HP[-2]
You take 2 damage, and now have 14/24 hp.
You hit the hobgoblin.
The hobgoblin is poisoned.
The hobgoblin drinks a potion.
The hobgoblin is healed!
You closely miss the hobgoblin. Your punch misses the hobgoblin.
The hobgoblin hits you with a +2 hand axe of draining.
* * * LOW HITPOINT WARNING * * *
😨 HP[-4]
You take 4 damage, and now have 10/24 hp.
You barely miss the hobgoblin.
The hobgoblin hits you but does no damage.
Unknown command.
You completely miss the hobgoblin.
The hobgoblin hits you with a +2 hand axe of draining.
* * * LOW HITPOINT WARNING * * *
😱 HP[-6]
You take 6 damage, and now have 4/24 hp.
MASSIVE DAMAGE!! (PAUSE) Are you sure you want to abandon this character and quit the game? (Confirm with "yes".)

Action                   || total
-------------------------++-------
Melee: Dagger            ||    34
       Mace              ||     5
Armor: Plate armour      ||    27
Dodge: Dodged            ||    17

Levels and vault maps discovered:
D:1:      dpeg_arrival_castle, layout_rooms

Notes
Turn   | Place    | Note
-------+----------+-------------------------------------------
     0 | D:1      | spaghetti the Mummy Berserker began the quest for the Orb.
     0 | D:1      | Reached XP level 1. HP: 18/18 MP: 1/1
     0 | D:1      | magus.rc [v1.9.6]
    83 | D:1      | You add the spells Conjure Flame, Ignite Poison and Sticky
                  | Flame to your library.
   350 | D:1      | Reached XP level 2. HP: 22/24 MP: 2/2
   408 | D:1      | HP: 4/24 [hobgoblin/+2 hand axe of draining (6)]
   409 | D:1      | Quit the game

Vanquished Creatures
  A ball python (D:1)
  A goblin (D:1)
  A hobgoblin (D:1)
  2 kobolds (D:1)
  A quokka (D:1)
  A bat (D:1)
  2 frilled lizards (D:1)
  A rat (D:1)
10 creatures vanquished.

Table legend:
 A = Non-vault XP
 B = Vault XP
 C = Vault XP percentage of total XP
 D = Non-vault monster count
 E = Vault monster count
 F = Vault count percentage of total count
                 A         B        C        D         E       F
            +---------+---------+-------+---------+---------+-------
      Total |      16 |       0 |   0.0 |      10 |       0 |   0.0
            +---------+---------+-------+---------+---------+-------
        D:1 |      16 |       0 |   0.0 |      10 |       0 |   0.0
            +---------+---------+-------+---------+---------+-------

Illustrated notes

Table legend:
 A = Kills in this place as a percentage of kills in entire the game.
 B = Kills by you in this place as a percentage of kills by you in the entire game.
 C = Kills by friends in this place as a percentage of kills by friends in the entire game.
 D = Other kills in this place as a percentage of other kills in the entire game.
 E = Experience gained in this place as a percentage of experience gained in the entire game.
 F = Experience gained in this place divided by the number of levels of this place that you have seen.
                   A       B       C       D       E      F
               +-------+-------+-------+-------+-------+----------------------
         Total | 100.0 | 100.0 |   N/A |   N/A | 100.0 |  16.0
       Dungeon | 100.0 | 100.0 |   N/A |   N/A | 100.0 |  16.0
               +-------+-------+-------+-------+-------+----------------------

Table legend: (Time is in decaauts)
 A = Elapsed time spent in this place.
 B = Non-inter-level travel time spent in this place.
 C = Inter-level travel time spent in this place.
 D = Time resting spent in this place.
 E = Time spent auto-exploring this place.
 F = Levels seen in this place.
 G = Mean time per level.
                   A        B        C        D        E       F      G
               +--------+--------+--------+--------+--------+-----+--------+
         Total |    411 |    411 |      0 |    114 |    202 |   1 |  411.0 |
       Dungeon |    411 |    411 |      0 |    114 |    202 |   1 |  411.0 |
               +--------+--------+--------+--------+--------+-----+--------+

Top non-repeatable levels by time:
     D:1: 411 daAuts
